 Dungeon Crawl Stone Soup version 0.25-a0-505-gae4569222e (webtiles) character file.

Game seed: 14083290321312577022, levelgen mode: deterministic

41 kae the Insei (level 3, -3/28 HPs)
             Began as a Demonspawn Gladiator on Feb 14, 2020.
             Slain by Sigmund
             ... wielding a +2 scythe of pain
              (4 damage)
             ... on level 2 of the Dungeon.
             The game lasted 00:00:50 (2166 turns).

kae the Insei (Demonspawn Gladiator)                Turns: 2166, Time: 00:00:51

Health: -3/28      AC:  6    Str: 19    XL:     3   Next: 32%
Magic:  0/3        EV: 13    Int:  9    God:
Gold:   93         SH:  0    Dex: 15    Spells: 2/2 levels left

rFire    . . .     SeeInvis .     - Unarmed
rCold    . . .     Gourm    .   (no shield)
rNeg     . . .     Faith    .   a - +0 leather armour
rPois    .         Spirit   +   b - +0 helmet
rElec    .         Reflect  .   (no cloak)
rCorr    .         Harm     .   (no gloves)
MR       .....                  (no boots)
Stlth    +.........             (no amulet)
HPRegen  0.09/turn              (no ring)
MPRegen  0.08/turn              (no ring)

@: mighty
A: icy blue scales 1, magic shield
a: no special abilities


You were on level 2 of the Dungeon.
You were not hungry.

You visited 1 branch of the dungeon, and saw 2 of its levels.

You collected 93 gold pieces.

Inventory:

Missiles
 c - 3 throwing nets (quivered)
Armour
 a - a +0 leather armour (worn)
 b - a +0 helmet (worn)
Jewellery
 e - an uncursed ring of see invisible {unknown}
Scrolls
 h - a scroll of amnesia {unknown}
 i - a scroll of remove curse {unknown}
Potions
 f - a potion of might
Comestibles
 d - 2 rations


   Skills:
 + Level 2.6 Fighting
 - Level 1.7 Throwing
 - Level 2.6 Dodging
 * Level 3.6 Unarmed Combat


You had 2 spell levels left.
You didn't know any spells.
Your spell library contained the following spells:

 Spells                   Type           Power        Failure   Level  Hunger
 Magic Dart               Conj           #...         43%         1    ##.....
 Blink                    Tloc           N/A          58%         2    ###....
 Call Imp                 Summ           #.......     58%         2    ###....
 Slow                     Hex            #.......     58%         2    ###....
 Conjure Flame            Conj/Fire      #.......     82%         3    ####...
 Mephitic Cloud           Conj/Pois/Air  #.......     82%         3    ####...


Dungeon Overview and Level Annotations

Branches:
Dungeon (2/15)

Altars:
Nemelex Xobeh

Annotations:
D:2 Sigmund


Innate Abilities, Weirdness & Mutations

You are partially covered in icy blue scales. (AC +2)
When hurt, damage is shared between your health and your magic reserves.


Message History

Sigmund hits you from afar with a +2 scythe of pain.
Sigmund is nearby!
You feel very mighty all of a sudden.
Sigmund hits you with a +2 scythe of pain!
You punch Sigmund!
Sigmund is severely wounded.
Sigmund casts a spell at you.
You are confused.
You bump into the rock wall.
Sigmund hits you but does no damage.
You miss Sigmund.
Sigmund is severely wounded.
You miss Sigmund.
Sigmund is severely wounded.
Sigmund barely misses you.
Sigmund hits you with a +2 scythe of pain!
* * * LOW HITPOINT WARNING * * *
Found a scroll labeled OCRACS AJOPH and a helmet.
You feel less confused.
Sigmund hits you with a +2 scythe of pain.
You die...

....#.# ....#.##
...##..# # ..####.# .#
### #.# #####.###
#.#### #.......[
#....# ##........
#####.#####........?
#..........@@.......
....###.######........
## #.. ######### ###


You could see Sigmund.

Vanquished Creatures
  An ooze (D:1)
  A worm (D:2)
  2 dart slugs (D:1)
  A leopard gecko (D:2)
  A bat (D:1)
  3 giant cockroaches (D:1)
  2 goblins (D:1)
  4 hobgoblins
  3 frilled lizards
  5 kobolds
  6 rats
29 creatures vanquished.

Notes
Turn   | Place    | Note
-------+----------+-------------------------------------------
     0 | D:1      | kae the Demonspawn Gladiator began the quest for the Orb.
     0 | D:1      | Reached XP level 1. HP: 16/16 MP: 1/1
    79 | D:1      | Reached skill level 3 in Unarmed Combat
   296 | D:1      | Gained mutation: When hurt, damage is shared between your
                  | health and your magic reserves. [demonic ancestry]
   296 | D:1      | Reached XP level 2. HP: 22/22 MP: 2/2
   418 | D:1      | HP: 1/23 [poisoned by a kobold]
  1109 | D:1      | Found a sparkling altar of Nemelex Xobeh.
  1530 | D:1      | Gained mutation: You are partially covered in icy blue
                  | scales. (AC +2) [demonic ancestry]
  1530 | D:1      | Reached XP level 3. HP: 25/28 MP: 3/3
  2154 | D:2      | Noticed Sigmund
  2164 | D:2      | HP: 1/28 [Sigmund/+2 scythe of pain (9)]
  2166 | D:2      | Slain by Sigmund

Levels and vault maps discovered:
D:1:      onia_arrival_pentagram, layout_basic, moated_statue,
          nemelex_xobeh_ov_fountains_minmay
D:2:      layout_rooms, uniq_sigmund

Skill      XL: |  1 |
---------------+----+-----
Unarmed Combat | 3 |  3.6
Fighting       | |  2.6
Throwing       | |  1.7
Dodging        | |  2.6

Action                   || total
-------------------------++-------
Melee: Unarmed           ||   124
       Punch             ||     1
  Use: Scroll            ||     2
       Potion            ||     1
  Eat: Chunk             ||     4
Armor: Leather armour    ||    16
Dodge: Dodged            ||    63

Table legend:
 A = Non-vault XP
 B = Vault XP
 C = Vault XP percentage of total XP
 D = Non-vault monster count
 E = Vault monster count
 F = Vault count percentage of total count
                 A         B        C        D         E       F
            +---------+---------+-------+---------+---------+-------
      Total |      59 |       0 |   0.0 |      29 |       0 |   0.0
            +---------+---------+-------+---------+---------+-------
        D:1 |      46 |       0 |   0.0 |      23 |       0 |   0.0
        D:2 |      13 |       0 |   0.0 |       6 |       0 |   0.0
            +---------+---------+-------+---------+---------+-------
